 Dungeon Crawl Stone Soup version 0.22.1-1-ga44c0e56f4 (webtiles) character file.

2723 Jynx the Transmogrifier (level 9, -4/70 HPs)
             Began as a Black Draconian Transmuter on Oct 22, 2018.
             Was a Follower of Okawaru.
             Slain by a gnoll shaman
             ... wielding a +0 halberd
              (8 damage)
             ... in a bailey.
             The game lasted 00:16:54 (8820 turns).

Jynx the Transmogrifier (DrTm)                      Turns: 8820, Time: 00:16:55

Health: -4/70      AC:  7    Str: 17    XL:     9   Next: 40%
Magic:  10/15      EV: 12    Int: 16    God:    Okawaru [*.....]
Gold:   292        SH:  0    Dex: 14    Spells: 5/16 levels left

rFire    . . .     SeeInvis .     - Unarmed
rCold    . . .     Gourm    .   (shield currently unavailable)
rNeg     . . .     Faith    .   (armour unavailable)
rPois    .         Spirit   .   (helmet restricted)
rElec    +         Reflect  .   (no cloak)
rCorr    .         Harm     .   (gloves currently unavailable)
MR       .....                  (no boots)
Stlth    +.........             (no amulet)
HPRegen  0.21/turn              o - +4 ring of strength
MPRegen  0.14/turn              s - +2 ring of dexterity

@: blade hands (expiring), very slightly contaminated
A: breathe lightning, unfitting armour, electricity resistance, cold-blooded, AC
+7
a: Breathe Lightning, End Transformation, Heroism, Renounce Religion


You were in a bailey.
You worshipped Okawaru.
Okawaru was aware of your devotion.
You were not hungry.
You had blades for hands.
You visited 2 branches of the dungeon, and saw 8 of its levels.
You also visited: Bailey.

You collected 292 gold pieces.

Inventory:

Missiles
 a - 78 arrows
Armour
 h - a +0 pair of gloves (melded)
Jewellery
 o - a +4 ring of strength (left scythe-like blade)
 s - a +2 ring of dexterity (right scythe-like blade)
 v - a +2 ring of intelligence {unknown}
 w - a cursed ring of teleportation {unknown}
Wands
 u - a wand of digging (12)
Scrolls
 j - 4 scrolls of teleportation
 k - 4 scrolls of identify
 l - a scroll of blinking
 m - a scroll of enchant weapon {unknown}
 p - 2 scrolls of magic mapping {unknown}
 r - 5 scrolls of remove curse
Potions
 b - 7 potions of curing
 d - a potion of resistance {unknown}
 e - 3 potions of flight
 f - a potion of might {unknown}
 g - a potion of heal wounds {unknown}
 i - a potion of degeneration {unknown}
 n - a potion of haste
 q - a potion of brilliance
 x - a potion of magic {unknown}
Comestibles
 c - 11 rations
 t - a chunk of flesh


   Skills:
 + Level 3.4 Fighting
 - Level 1.7 Dodging
 + Level 4.3 Unarmed Combat
 - Level 4.1 Spellcasting
 - Level 11.4 Transmutations


You had 5 spell levels left.
You knew the following spells:

 Your Spells              Type           Power        Failure   Level  Hunger
a - Beastly Appendage     Tmut           #####.       8%          1    None
b - Sticks to Snakes      Tmut           #####...     9%          2    ##.....
c - Spider Form           Tmut/Pois      ###.......   32%         3    ###....
d - Blade Hands           Tmut           #####.....   30%         5    ######.

Your spell library contained the following spells:

 Spells                   Type           Power        Failure   Level  Hunger
 Ice Form                 Ice/Tmut       ###.....     56%         4    ####...


Dungeon Overview and Level Annotations

Branches:
Dungeon (7/15)             Temple (1/1) D:6

Altars:
Cheibriados
Dithmenos
Elyvilon
Fedhas
Gozag
Hepliaklqana
Makhleb
Nemelex Xobeh
Okawaru
Qazlal
Ru
Trog
Uskayaw
Vehumet
Yredelemnul
Zin
The Shining One

Shops:
D:6 [


Innate Abilities, Weirdness & Mutations

You can breathe wild blasts of lightning.
Your glossy black scales are hard. (AC +7)
You cannot fit into any form of body armour.
You are resistant to electric shocks. (rElec)
You are cold-blooded and may be slowed by cold attacks.


Message History

The gnoll shaman calls upon its god to speed up the gnoll sergeant.
The gnoll sergeant seems to speed up.
Casting: Blade Hands (quite dangerous; 30% risk of failure)
Confirm with . or Enter, or press ? or * to list all spells.
You miscast Blade Hands.
You are very lightly contaminated with residual magic.
Your scythe-like blades glow momentarily.
The gnoll sergeant hits you from afar with a halberd!
The gnoll sergeant hits you with a halberd!
* * * LOW HITPOINT WARNING * * *
The gnoll sergeant misses you.
You hit the gnoll sergeant but do no damage.
The gnoll shaman closely misses you.
The gnoll sergeant hits you with a halberd!
* * * LOW HITPOINT WARNING * * *
You slash the gnoll sergeant!
The gnoll sergeant is moderately wounded.
The gnoll sergeant misses you.
The gnoll shaman hits you from afar with a halberd!
You die...

♣♣≈≈.. ############ ♣.≈..#
.8.......8.## ♣♣.≈..#
g...........## ♣..≈..#
........)....# ♣..≈..#
gg.#####.g...# ♣♣..≈..#
##...##g...# ≈♣
♣♣...≈..######.....###)##..≈♣
♣♣....)).'...#.(@g.))#).....≈♣
.)))).)..'..)'...8g.))......≈♣
♣♣..)()..'...#.......#......≈♣
♣♣...≈..######.....###'##..≈♣
♣...≈..# ##...## ...#..≈♣
♣...≈..# ##### ...# .≈♣
♣♣..≈..# ...# .≈♣ ♣♣.≈..# .##
♣.≈..#


You could see a gnoll sergeant and a gnoll shaman.

Vanquished Creatures
  Eustachio (D:4)
  A sky beast (D:6)
  An ice beast (D:5)
  2 orc warriors (D:7)
  2 black bears (D:6)
  An ogre (D:5)
  A bullfrog (D:6)
  4 gnoll sergeants (Bailey)
  2 howler monkeys
  A crimson imp (D:6)
  2 orc priests
  A bullfrog skeleton (D:6)
  4 gnoll shamans
  6 hounds
  A centaur skeleton (D:6)
  3 iguanas
  9 orc wizards
  11 worker ants
  2 hound zombies
  2 worker ant zombies (D:4)
  25 gnolls
  6 adders
  An ooze (D:2)
  2 adder zombies (D:6)
  3 worms
  3 dart slugs
  3 leopard geckos
  21 orcs
  4 bats
  8 giant cockroaches
  3 goblins
  13 hobgoblins
  4 jackals
  A quokka (D:3)
  3 frilled lizards
  5 kobolds
  2 leopard gecko skeletons
  6 rats
170 creatures vanquished.

Vanquished Creatures (collateral kills)
  A black bear (D:5)
  A worker ant (D:4)
  A hound skeleton (D:5)
3 creatures vanquished.

Grand Total: 173 creatures vanquished

Notes
Turn   | Place    | Note
-------+----------+-------------------------------------------
     0 | D:1      | Jynx the Draconian Transmuter began the quest for the Orb.
     0 | D:1      | Reached XP level 1. HP: 16/16 MP: 3/3
   231 | D:1      | Reached XP level 2. HP: 23/23 MP: 3/5
   748 | D:1      | Reached skill level 3 in Transmutations
   748 | D:1      | Reached XP level 3. HP: 16/28 MP: 6/6
   958 | D:2      | Found a blossoming altar of Fedhas.
  1318 | D:2      | Found an opulent altar of Gozag.
  1371 | D:2      | Reached XP level 4. HP: 34/35 MP: 6/8
  1383 | D:2      | Learned a level 2 spell: Sticks to Snakes
  1387 | D:2      | Learned a level 3 spell: Spider Form
  1548 | D:2      | Reached skill level 4 in Transmutations
  2315 | D:3      | Reached XP level 5. HP: 31/40 MP: 6/9
  2892 | D:4      | Found a sparkling altar of Nemelex Xobeh.
  3032 | D:4      | Noticed a dagger
  3032 | D:4      | Noticed a dagger
  3034 | D:4      | Found a hide-covered altar of Uskayaw.
  3063 | D:4      | Reached skill level 5 in Transmutations
  3406 | D:4      | Found a sacrificial altar of Ru.
  3462 | D:4      | Found a burning altar of Makhleb.
  3502 | D:4      | Reached XP level 6. HP: 30/47 MP: 11/11
  3978 | D:4      | Noticed Eustachio
  3998 | D:4      | Killed Eustachio
  3998 | D:4      | Reached skill level 6 in Transmutations
  4247 | D:4      | Learned a level 5 spell: Blade Hands
  4278 | D:5      | Entered Level 5 of the Dungeon
  4332 | D:5      | Noticed an ice beast
  4347 | D:5      | Killed an ice beast
  4347 | D:5      | Your scales start taking on a glossy black colour.
  4347 | D:5      | Reached XP level 7. HP: 42/52 MP: 9/13
  4347 | D:5      | Gained mutation: You are resistant to electric shocks.
                  | (rElec) [Black Draconian growth]
  4564 | D:5      | Reached skill level 7 in Transmutations
  5215 | D:5      | Reached skill level 8 in Transmutations
  6000 | D:5      | Found a sparkling altar of Nemelex Xobeh.
  6085 | D:6      | Reached XP level 8. HP: 45/59 MP: 8/14
  6124 | D:6      | Reached skill level 9 in Transmutations
  6303 | D:6      | Found a snail-covered altar of Cheibriados.
  6416 | D:6      | Reached skill level 10 in Transmutations
  7128 | D:6      | Found Icyopp's Armour Shop.
  7302 | D:6      | Found a staircase to the Ecumenical Temple.
  7308 | Temple   | Entered the Ecumenical Temple
  7398 | Temple   | Became a worshipper of Warmaster Okawaru
  7522 | D:7      | Found a glowing golden altar of the Shining One.
  7536 | D:7      | Found a bloodstained altar of Trog.
  7785 | D:7      | Reached skill level 11 in Transmutations
  7785 | D:7      | Reached XP level 9. HP: 64/64 MP: 10/15
  8174 | D:7      | Found a flagged portal.
  8181 | Bailey   | Entered a bailey
  8349 | Bailey   | Reached * piety under Okawaru
  8820 | Bailey   | Slain by a gnoll shaman

Skill      XL: |  1  2  3  4  5  6  7  8  9 |
---------------+----------------------------+-----
Transmutations | 3 4 5 6 8 11 | 11.4
Spellcasting   | 3 4 |  4.1
Fighting       | 3 |  3.4
Unarmed Combat | 4 |  4.3
Dodging        | |  1.7

Action                   |  1- 3 |  4- 6 |  7- 9 || total
-------------------------+-------+-------+-------++-------
Melee: Unarmed           |   121 |   200 |   283 ||   604
       Tailslap          |    13 |    29 |    39 ||    81
       Headbutt          |     2 |     9 |     6 ||    17
       Punch             |     2 |     1 |     4 ||     7
       Kick              |     6 |    35 |    24 ||    65
 Cast: Beastly Appendage |    14 |    22 |    15 ||    51
       Sticks to Snakes  |       |     7 |     6 ||    13
       Spider Form       |       |     1 |       ||     1
       Blade Hands       |       |       |    21 ||    21
  Use: Potion            |     1 |       |       ||     1
       Scroll            |       |     8 |     1 ||     9
 Stab: Sleeping          |     2 |     1 |     1 ||     4
  Eat: Chunk             |     1 |    11 |    19 ||    31
       Ration            |       |       |     1 ||     1
Armor: Skin              |    31 |    49 |    81 ||   161
Dodge: Dodged            |    80 |   122 |   161 ||   363
